3A
GRAND FORKS CATERPILLARS @ ALAMEDA AIRMEN
08/31/2041
 
TOP OF THE 1ST
Grand Forks Caterpillars batting - Pitching for Alameda Airmen : RHP Borisav Gojkovic
Pitching: RHP Borisav Gojkovic
Batting: LHB António Cruz 0-0: Called Strike
0-1: Ground out 4-3 (Groundball, 4, EV 88.1 MPH)
Batting: RHB Rupert Bethune 0-0: Foul Ball, location: 2F
0-1: Ball
1-1: Ball
2-1: Ball
3-1: Swinging Strike
3-2: Base on Balls
Batting: LHB Henri de Beeld 0-0: Called Strike
0-1: Ball
1-1: DOUBLE (Flyball, 8RD, EV 96.2 MPH)
Rupert Bethune to third
Batting: RHB Jose Reginalde 0-0: Ball
1-0: Foul Ball, location: 2F
1-1: Ball
2-1: SINGLE (Line Drive, 8LS, EV 89.4 MPH)
Rupert Bethune scores
Henri de Beeld to third
Runner from 3rd tries for Home, SAFE, no throw by CF
Batting: LHB Stanley Bell 0-0: Called Strike
Jose Reginalde steals 2nd base
0-1: SINGLE (Groundball, 4MD, EV 98.8 MPH)
Jose Reginalde to third
Batting: RHB Shalom Gestel 0-0: Called Strike
0-1: Called Strike
0-2: Strikes out swinging
Batting: RHB Conan Brown 0-0: Called Strike
0-1: Ground out 5-3 (Groundball, 56S, EV 88.1 MPH)
Top of the 1st over - 2 runs, 3 hits, 0 errors, 2 left on base; Grand Forks 2 - Alameda 0
BOTTOM OF THE 1ST
Alameda Airmen batting - Pitching for Grand Forks Caterpillars : LHP Seon-chin Park
Pitching: LHP Seon-chin Park
Batting: SHB Jaime Juárez 0-0: Called Strike
0-1: Called Strike
0-2: Ground out 6-3 (Groundball, 6, EV 78.8 MPH)
Batting: LHB Daniel MacBrayne 0-0: Ball
1-0: Swinging Strike
1-1: Foul Ball, location: 2F
1-2: Foul Ball, location: 2F
1-2: Foul Ball, location: 2F
1-2: Foul Ball, location: 2F
1-2: Foul Ball, location: 2F
1-2: Foul Ball, location: 2F
1-2: Foul Ball, location: 2F
1-2: Ball
2-2: Foul Ball, location: 2F
2-2: Ball
3-2: SOLO HOME RUN (Flyball, 9LD, EV 90.0 MPH), Distance : 346 ft
Batting: RHB Miguel Angel Criado 0-0: Ball
1-0: Ball
2-0: Ball
3-0: Ground out 5-3 (Groundball, 56S, EV 91.2 MPH)
Batting: LHB Xue-qin Chen 0-0: Called Strike
0-1: SINGLE (Flyball, 89S, EV 95.0 MPH)
Batting: RHB César Jiménez 0-0: Fielders Choice at 2nd, 6-4 (Groundball, 6, EV 88.8 MPH)
Bottom of the 1st over - 1 run, 2 hits, 0 errors, 1 left on base; Grand Forks 2 - Alameda 1
TOP OF THE 2ND
Grand Forks Caterpillars batting - Pitching for Alameda Airmen : RHP Borisav Gojkovic
Batting: RHB Roberto Guerrero 0-0: Called Strike
0-1: Ball
1-1: Fly out, F8 (Line Drive, 8LD, EV 91.2 MPH)
Batting: SHB Kung Wan 0-0: Ball
1-0: Foul Ball, location: 2F
1-1: Ball
2-1: Ball
3-1: Base on Balls
Batting: LHB António Cruz 0-0: Called Strike
0-1: Swinging Strike
0-2: Ball
1-2: SINGLE (Line Drive, 89M, EV 106.2 MPH)
Kung Wan to second
Batting: RHB Rupert Bethune 0-0: Ball
1-0: Ball
2-0: SINGLE (Line Drive, 78S, EV 106.2 MPH)
Kung Wan to third
António Cruz to second
Batting: LHB Henri de Beeld 0-0: Ball
1-0: Ball
2-0: Foul Ball, location: 2F
2-1: Foul Ball, location: 2F
2-2: Strikes out looking
Batting: RHB Jose Reginalde 0-0: Ball
1-0: Ball
2-0: Called Strike
2-1: Fly out, F9 (Flyball, 9, EV 71.9 MPH)
Top of the 2nd over - 0 runs, 2 hits, 0 errors, 3 left on base; Grand Forks 2 - Alameda 1
BOTTOM OF THE 2ND
Alameda Airmen batting - Pitching for Grand Forks Caterpillars : LHP Seon-chin Park
Batting: RHB Barry Miller 0-0: Ground out 6-3 (Groundball, 6, EV 78.8 MPH)
Batting: RHB Roberto Berganza 0-0: Foul Ball, location: 2F
0-1: Called Strike
0-2: SINGLE (Line Drive, 56D, EV 104.4 MPH)
Batting: RHB Héctor Heredice 0-0: Ball
1-0: Ball
2-0: Ball
3-0: Base on Balls
Roberto Berganza to second
Batting: RHB Reynold Jongenelen 0-0: Called Strike
0-1: Ball
1-1: Called Strike
1-2: Strikes out swinging
Batting: SHB Jaime Juárez 0-0: Called Strike
0-1: Swinging Strike
0-2: Ball
1-2: Strikes out looking
Bottom of the 2nd over - 0 runs, 1 hit, 0 errors, 2 left on base; Grand Forks 2 - Alameda 1
TOP OF THE 3RD
Grand Forks Caterpillars batting - Pitching for Alameda Airmen : RHP Borisav Gojkovic
Batting: LHB Stanley Bell 0-0: Ground out 4-3 (Groundball, 4, EV 99.4 MPH)
Batting: RHB Shalom Gestel 0-0: Foul Ball, location: 2F
0-1: Swinging Strike
0-2: Strikes out swinging
Batting: RHB Conan Brown 0-0: Foul Ball, location: 2F
0-1: Foul Ball, location: 2F
0-2: Ball
1-2: Ground out 6-3 (Groundball, 6, EV 90.0 MPH)
Top of the 3rd over - 0 runs, 0 hits, 0 errors, 0 left on base; Grand Forks 2 - Alameda 1
BOTTOM OF THE 3RD
Alameda Airmen batting - Pitching for Grand Forks Caterpillars : LHP Seon-chin Park
Batting: LHB Daniel MacBrayne 0-0: Ball
1-0: Ball
2-0: Foul Ball, location: 2F
2-1: Ball
3-1: Base on Balls
Batting: RHB Miguel Angel Criado 0-0: Foul Ball, location: 2F
0-1: Ball
1-1: Foul Ball, location: 2F
1-2: Ball
2-2: SINGLE (Groundball, 6MD, EV 98.8 MPH)
Daniel MacBrayne to second
Runner from 2nd tries for 3rd, SAFE, throw by CF made to third
Batting: LHB Xue-qin Chen 0-0: Called Strike
0-1: Ball
1-1: SINGLE (Line Drive, 34D, EV 94.4 MPH)
Daniel MacBrayne scores
Miguel Angel Criado to second
Runner from 2nd tries for 3rd, SAFE, no throw by RF
Batting: RHB César Jiménez 0-0: Ball
1-0: Ball
2-0: Ball
3-0: Base on Balls
Xue-qin Chen to second
Batting: RHB Barry Miller 0-0: SINGLE (Groundball, 34D, EV 104.4 MPH)
Miguel Angel Criado scores
Xue-qin Chen to third
César Jiménez to second
Batting: RHB Roberto Berganza 0-0: Ball
1-0: Ball
2-0: Swinging Strike
2-1: Foul Ball, location: 2F
2-2: Strikes out swinging
Batting: RHB Héctor Heredice 0-0: Fielders Choice at 2nd, 6-4 (Groundball, 6, EV 103.8 MPH)
Xue-qin Chen scores
César Jiménez to third
Batting: RHB Reynold Jongenelen 0-0: Ball
1-0: Ball
2-0: Ball
3-0: Swinging Strike
3-1: Foul Ball, location: 2F
3-2: Foul Ball, location: 2F
3-2: Foul Ball, location: 2F
3-2: Strikes out swinging
Bottom of the 3rd over - 3 runs, 3 hits, 0 errors, 2 left on base; Grand Forks 2 - Alameda 4
TOP OF THE 4TH
Grand Forks Caterpillars batting - Pitching for Alameda Airmen : RHP Borisav Gojkovic
Batting: RHB Roberto Guerrero 0-0: Ball
1-0: Ball
2-0: SINGLE (Flyball, 78M, EV 92.5 MPH)
Batting: SHB Kung Wan 0-0: Called Strike
Roberto Guerrero is caught stealing 2nd base 2-6
0-1: Ball
1-1: Foul Ball, location: 2F
1-2: Strikes out swinging
Batting: LHB António Cruz 0-0: Ball
1-0: Swinging Strike
1-1: Foul Ball, location: 2F
1-2: Strikes out looking
Top of the 4th over - 0 runs, 1 hit, 0 errors, 0 left on base; Grand Forks 2 - Alameda 4
BOTTOM OF THE 4TH
Alameda Airmen batting - Pitching for Grand Forks Caterpillars : LHP Seon-chin Park
Batting: SHB Jaime Juárez 0-0: Called Strike
0-1: Called Strike
0-2: Hit by Pitch
Batting: LHB Daniel MacBrayne 0-0: Called Strike
0-1: Ball
1-1: Ball
Wild Pitch!
Jaime Juárez to second
2-1: Ball
3-1: SINGLE (Line Drive, 89S, EV 101.2 MPH)
Jaime Juárez to third
Batting: RHB Miguel Angel Criado 0-0: Called Strike
0-1: Ball
1-1: Ball
2-1: DOUBLE (Groundball, 5L, EV 101.2 MPH)
Jaime Juárez scores
Daniel MacBrayne to third
Runner from 3rd tries for Home, SAFE, no throw by LF
Pitching: LHP Luis Asturias
Batting: LHB Xue-qin Chen 0-0: Foul Ball, location: 2F
0-1: Called Strike
0-2: Ball
1-2: Ball
2-2: Strikes out swinging
Batting: RHB César Jiménez 0-0: Called Strike
0-1: Called Strike
0-2: Strikes out swinging
Batting: RHB Barry Miller 0-0: Foul Ball, location: 2F
0-1: Fly out, F9 (Flyball, 9LSF, EV 82.5 MPH)
Bottom of the 4th over - 2 runs, 2 hits, 0 errors, 1 left on base; Grand Forks 2 - Alameda 6
TOP OF THE 5TH
Grand Forks Caterpillars batting - Pitching for Alameda Airmen : RHP Borisav Gojkovic
Batting: RHB Rupert Bethune 0-0: Ball
1-0: Ball
2-0: Ball
3-0: Called Strike
3-1: Base on Balls
Batting: LHB Henri de Beeld 0-0: Called Strike
0-1: Ball
1-1: Ball
2-1: Swinging Strike
2-2: Fielders Choice at 2nd, 3-6 (Groundball, 3, EV 88.8 MPH)
Batting: RHB Jose Reginalde 0-0: Ball
1-0: Fly out, F7 (Line Drive, 7, EV 95.0 MPH)
Batting: LHB Stanley Bell 0-0: Called Strike
0-1: Ball
1-1: Ball
2-1: Swinging Strike
2-2: Strikes out swinging
Top of the 5th over - 0 runs, 0 hits, 0 errors, 1 left on base; Grand Forks 2 - Alameda 6
BOTTOM OF THE 5TH
Alameda Airmen batting - Pitching for Grand Forks Caterpillars : LHP Luis Asturias
Batting: RHB Roberto Berganza 0-0: Ball
1-0: Swinging Strike
1-1: Fly out, F7 (Flyball, 78M, EV 93.8 MPH)
Batting: RHB Héctor Heredice 0-0: Ball
1-0: Foul Ball, location: 2F
1-1: Ball
2-1: SINGLE (Flyball, 7S, EV 93.8 MPH)
Batting: RHB Reynold Jongenelen 0-0: Ball
Wild Pitch!
Héctor Heredice to second
1-0: Foul Ball, location: 2F
1-1: Swinging Strike
1-2: Foul Ball, location: 2F
1-2: Strikes out swinging
Batting: SHB Jaime Juárez 0-0: Called Strike
0-1: Ball
1-1: Ball
2-1: Ground out 5-3 (Groundball, 56, EV 102.5 MPH)
Bottom of the 5th over - 0 runs, 1 hit, 0 errors, 1 left on base; Grand Forks 2 - Alameda 6
TOP OF THE 6TH
Grand Forks Caterpillars batting - Pitching for Alameda Airmen : RHP Borisav Gojkovic
Batting: RHB Shalom Gestel 0-0: Foul Ball, location: 2F
0-1: Ball
1-1: Ball
2-1: Foul Ball, location: 2F
2-2: Ball
3-2: Strikes out looking
Batting: RHB Conan Brown 0-0: Hit by Pitch
Batting: RHB Roberto Guerrero 0-0: Ball
1-0: Fly out, F9 (Flyball, 9S, EV 81.2 MPH)
Pitching: RHP Héctor Salazar
Batting: SHB Kung Wan 0-0: Ball
1-0: Foul Ball, location: 2F
1-1: Foul Ball, location: 2F
1-2: Strikes out swinging
Top of the 6th over - 0 runs, 0 hits, 0 errors, 1 left on base; Grand Forks 2 - Alameda 6
BOTTOM OF THE 6TH
Alameda Airmen batting - Pitching for Grand Forks Caterpillars : LHP Luis Asturias
Batting: LHB Daniel MacBrayne 0-0: Called Strike
0-1: Called Strike
0-2: Strikes out looking
Batting: RHB Miguel Angel Criado 0-0: Swinging Strike
0-1: Ball
1-1: Foul Ball, location: 2F
1-2: Ball
2-2: Ball
3-2: Foul Ball, location: 2F
3-2: Foul Ball, location: 2F
3-2: Ground out 6-3 (Groundball, 6, EV 87.5 MPH)
Pitching: LHP Tyler Gould
Batting: LHB Xue-qin Chen 0-0: Called Strike
0-1: Foul Ball, location: 2F
0-2: SINGLE (Line Drive, 78S, EV 110.6 MPH)
Batting: RHB César Jiménez 0-0: Swinging Strike
0-1: Called Strike
0-2: Ball
1-2: Fielders Choice at 2nd, 5-4 (Groundball, 56, EV 86.2 MPH)
Bottom of the 6th over - 0 runs, 1 hit, 0 errors, 1 left on base; Grand Forks 2 - Alameda 6
TOP OF THE 7TH
Grand Forks Caterpillars batting - Pitching for Alameda Airmen : RHP Héctor Salazar
Batting: LHB António Cruz 0-0: Ball
1-0: Fly out, F7 (Flyball, 7LSF, EV 78.8 MPH)
Batting: RHB Rupert Bethune 0-0: SINGLE (Flyball, 8RS, EV 93.1 MPH)
Batting: LHB Henri de Beeld 0-0: Called Strike
Rupert Bethune steals 2nd base
0-1: Ball
1-1: Ball
2-1: Foul Ball, location: 2F
2-2: DOUBLE (Line Drive, 7LS, EV 98.1 MPH)
Rupert Bethune scores
Batting: RHB Jose Reginalde 0-0: Called Strike
0-1: Ball
1-1: Called Strike
1-2: Strikes out swinging
Batting: LHB Stanley Bell 0-0: Called Strike
0-1: Ball
1-1: Called Strike
1-2: Strikes out swinging, 2-3 out at first.
Top of the 7th over - 1 run, 2 hits, 0 errors, 1 left on base; Grand Forks 3 - Alameda 6
BOTTOM OF THE 7TH
Alameda Airmen batting - Pitching for Grand Forks Caterpillars : LHP Tyler Gould
Batting: RHB Barry Miller 0-0: Ball
1-0: Ball
2-0: Ball
3-0: Base on Balls
Batting: RHB Roberto Berganza 0-0: Grounds into double play, 4-6-3 (Groundball, 4, EV 76.2 MPH)
Batting: RHB Héctor Heredice 0-0: Called Strike
0-1: Swinging Strike
0-2: Ball
1-2: Ball
2-2: Strikes out looking
Bottom of the 7th over - 0 runs, 0 hits, 0 errors, 0 left on base; Grand Forks 3 - Alameda 6
TOP OF THE 8TH
Grand Forks Caterpillars batting - Pitching for Alameda Airmen : RHP Héctor Salazar
Now at 2B: Millard Morris
Batting: RHB Shalom Gestel 0-0: Ball
1-0: Foul Ball, location: 2F
1-1: Ball
2-1: Ball
3-1: Foul Ball, location: 2F
3-2: Foul Ball, location: 2F
3-2: SINGLE (Groundball, 4MD, EV 95.6 MPH)
Batting: RHB Conan Brown 0-0: Fly out, F9 (Line Drive, 9D, EV 94.4 MPH)
Batting: RHB Roberto Guerrero 0-0: Called Strike
0-1: Ball
1-1: Foul Ball, location: 2F
1-2: Foul Ball, location: 2F
1-2: 2-RUN HOME RUN (Flyball, 7LD, EV 90.6 MPH), Distance : 355 ft
Pitching: RHP Al Hensley
Batting: SHB Kung Wan 0-0: Called Strike
0-1: Ball
1-1: Ball
2-1: Ground out 1-3 (Groundball, 34S, EV 66.9 MPH)
Batting: LHB António Cruz 0-0: Ground out 4-3 (Groundball, 4, EV 101.9 MPH)
Top of the 8th over - 2 runs, 2 hits, 0 errors, 0 left on base; Grand Forks 5 - Alameda 6
BOTTOM OF THE 8TH
Alameda Airmen batting - Pitching for Grand Forks Caterpillars : LHP Tyler Gould
Batting: RHB Reynold Jongenelen 0-0: Called Strike
0-1: Ball
1-1: Ball
2-1: Called Strike
2-2: Ball
3-2: Ground out 6-3 (Groundball, 56, EV 79.4 MPH)
Batting: SHB Jaime Juárez 0-0: Ball
1-0: Ball
2-0: SINGLE (Line Drive, 6MD, EV 98.8 MPH)
Batting: LHB Daniel MacBrayne 0-0: Swinging Strike
0-1: Ball
1-1: Ball
2-1: Swinging Strike
2-2: Strikes out swinging
Batting: RHB Miguel Angel Criado 0-0: Called Strike
Jaime Juárez steals 2nd base
0-1: Ball
1-1: Intentional Walk
Batting: LHB Xue-qin Chen 0-0: Ball
1-0: Ball
2-0: Foul Ball, location: 2F
2-1: Ball
3-1: Base on Balls
Jaime Juárez to third
Miguel Angel Criado to second
Pitching: RHP Ron Gray
Batting: RHB César Jiménez 0-0: Called Strike
0-1: Ball
1-1: Foul Ball, location: 2F
1-2: Foul Ball, location: 2F
1-2: Ball
2-2: Strikes out swinging
Bottom of the 8th over - 0 runs, 1 hit, 0 errors, 3 left on base; Grand Forks 5 - Alameda 6
TOP OF THE 9TH
Grand Forks Caterpillars batting - Pitching for Alameda Airmen : RHP Al Hensley
Pitching: RHP Foster McCoy
Batting: RHB Rupert Bethune 0-0: Foul Ball, location: 2F
0-1: Ground out 4-3 (Groundball, 4M, EV 93.8 MPH)
Batting: LHB Henri de Beeld 0-0: Ball
1-0: Ball
2-0: Ball
3-0: Base on Balls
Pinch Hitting: LHB Jorge Cruz 0-0: Ball
1-0: Fly out, F8 (Flyball, 8RS, EV 75.6 MPH)
Batting: LHB Stanley Bell 0-0: Called Strike
0-1: Ball
1-1: Ball
2-1: Ball
3-1: Base on Balls
Henri de Beeld to second
Batting: RHB Shalom Gestel 0-0: Ball
1-0: Ball
2-0: Called Strike
2-1: Fielders Choice at 2nd, 6-4 (Groundball, 6, EV 85.0 MPH)
Top of the 9th over - 0 runs, 0 hits, 0 errors, 2 left on base; Grand Forks 5 - Alameda 6
Tuesday, January 5th, 2021 - OOTP Baseball 20.8 Build 74